 Dungeon Crawl Stone Soup version 0.22-a0-525-gf69a080 (webtiles) character file.

141 Mgcat the Chopper (level 5, -3/42 HPs)
             Began as a Hill Orc Gladiator on June 21, 2018.
             Slain by a sky beast (6 damage)
             ... on level 2 of the Dungeon.
             The game lasted 00:05:31 (1997 turns).

Mgcat the Chopper (Hill Orc Gladiator)              Turns: 1997, Time: 00:05:32

Health: -3/42      AC:  4    Str: 18    XL:     5   Next: 24%
Magic:  5/5        EV: 12    Int:  8    God:
Gold:   98         SH:  0    Dex: 12    Spells: 4/4 levels left

rFire    . . .     SeeInvis .   a - +0 war axe
rCold    . . .     Gourm    .   (no shield)
rNeg     . . .     Faith    .   b - +0 leather armour
rPois    .         Spirit   .   c - +0 helmet
rElec    .         Reflect  .   (no cloak)
rCorr    .         Harm     .   (no gloves)
MR       .....                  (no boots)
Stlth    +.........             e - amulet of inaccuracy (curse)
HPRegen  0.14/turn              (no ring)
MPRegen  0.09/turn              (no ring)

@: no status effects
A: no striking features
a: no special abilities


You were on level 2 of the Dungeon.
You were hungry.

You visited 1 branch of the dungeon, and saw 3 of its levels.

You collected 98 gold pieces.

Inventory:

Hand Weapons
 a - a +0 war axe (weapon)
Missiles
 d - 3 throwing nets {=f, !d}
Armour
 b - a +0 leather armour (worn)
 c - a +0 helmet (worn)
Jewellery
 e - a cursed amulet of inaccuracy (around neck)
   (You found it on level 1 of the Dungeon)
Scrolls
 h - a scroll of identify
Comestibles
 f - 3 rations


   Skills:
 - Level 2.4 Fighting
 + Level 7.6 Axes
 - Level 1.7 Throwing
 - Level 2.4 Dodging


You had 4 spell levels left.
You didn't know any spells.
Your spell library was empty.

Dungeon Overview and Level Annotations

Branches:
Dungeon (3/15)

Altars:
Fedhas


Message History

The adder bites you but does no damage.
You closely miss the adder.
The adder is moderately wounded.
You feel sick. The adder closely misses you.
You closely miss the adder.
The adder is moderately wounded.
The adder closely misses you.
You closely miss the adder.
The adder is moderately wounded.
You feel sick. The adder bites you but does no damage. The adder bites you.
You miss the adder.
The adder is moderately wounded.
You feel sick. The adder bites you but does no damage.
You miss the adder.
The adder is moderately wounded.
The adder bites you. x2
* * * LOW HITPOINT WARNING * * *
You are more poisoned.
The adder poisons you!
You aren't carrying any potions.
As you read the scroll labeled XICAIMOCWU, it crumbles to dust.
You feel strangely unstable.
It was a scroll of teleportation.
You feel sick. The adder barely misses you.
Okay, then.
Unknown command.
Unknown command.
You feel sick.
You feel sick. The adder closely misses you.
You see here 14 gold pieces.
Your surroundings suddenly seem different.
A sky beast comes into view.
As you read the scroll labeled FUCEUTABIO, it crumbles to dust.
It is a scroll of identify.
You don't have any unidentified items.
You feel sick.
The sky beast flickers out of sight!
Deactivating autopickup; reactivate with Ctrl-A.
Found an embroidered scarf.
Found a stone staircase leading up.
You feel sick.
Found an escape hatch in the floor.
You feel sick.
Marking area around Natasha as unsafe for travelling.
Natasha, Servant of Life and Death comes into view.
A sky beast appears from thin air!
Reactivating autopickup.
Natasha casts a spell.
You see here a leather armour.
Unknown command.
You feel sick.
Natasha casts a spell.
You feel sick.
There is a stone staircase leading up here.
You climb upwards.
There is a stone staircase leading down here.
You feel sick.
You feel sick.
You feel sick.
You feel sick.
You are no longer poisoned.
Some of the chunks of flesh in your inventory have rotted away.
Some of the chunks of flesh in your inventory have rotted away.
All of the chunks of flesh in your inventory have rotted away.
You are feeling hungry.
You start resting.
HP restored.
You start resting.
HP restored.
You climb downwards.
Level annotation: Natasha The sky beast flickers out of sight!
Deactivating autopickup; reactivate with Ctrl-A.
Something hits you but does no damage.
There is a stone staircase leading up here.
You barely miss something. Something hits you. Something shocks you.
Something hits you but does no damage. Natasha barely misses you.
Something hits you but does no damage. Natasha claws you.
You climb upwards.
There is a stone staircase leading down here.
You slash Natasha!
Natasha is almost dead.
You miss something. Something hits you. Something shocks you.
Natasha stares at you and mumbles some strange words.
You resist with some effort.
You slash Natasha!
You kill Natasha!
Natasha screams in pain as she dies!
You closely miss something. Something barely misses you. Something hits you.
Something shocks you. Something hits you.
* * * LOW HITPOINT WARNING * * *
Something shocks you.
* * * LOW HITPOINT WARNING * * *
There is a stone staircase leading down, spattered with blood here.
You miss something. Something barely misses you.
You aren't carrying any potions.
You completely miss something. Something barely misses you.
You miss something. Something hits you.
* * * LOW HITPOINT WARNING * * *
Something shocks you.
You die...

.# #.#....###
##..........#. .#
#.#.##..# ##....#...###
.###.#.###.#
#..#.######. .##..#.#
#.## ##...# #. .##.##.#
#..#### ##.### #.
....##.# ##....# #...#
##. ...#...# ####.###
#...######.. ##...###
#...## #...[.......
#..#.# ###@{#
#...#####... #.##.##
##.####)..########
..##..########
#.#>........#
..###........#
#.#.######### ..#
##.......# #...# ..#
#.......# ##### ..#
#.......## ##### ♣ ..#
#........##### #####...#
♣ ..#
#............###.....###
♣


There were no monsters in sight!

Vanquished Creatures
  Natasha (D:2)
  5 adders
  3 oozes
  2 worms (D:2)
  A dart slug (D:2)
  4 leopard geckos
  An orc (D:3)
  5 bats
  A giant cockroach (D:2)
  7 goblins
  6 hobgoblins
  A quokka (D:2)
  A ball python (D:2)
  A frilled lizard (D:2)
  5 kobolds
  6 rats
50 creatures vanquished.

Notes
Turn   | Place    | Note
-------+----------+-------------------------------------------
     0 | D:1      | Mgcat the Hill Orc Gladiator began the quest for the Orb.
     0 | D:1      | Reached XP level 1. HP: 18/18 MP: 1/1
   114 | D:1      | Reached XP level 2. HP: 19/25 MP: 2/2
   316 | D:1      | Reached skill level 5 in Axes
   768 | D:2      | Reached XP level 3. HP: 25/30 MP: 3/3
   781 | D:2      | HP: 7/30 [dart slug/slug dart (4)]
   784 | D:2      | Reached skill level 6 in Axes
   923 | D:2      | Reached XP level 4. HP: 20/37 MP: 4/4
  1516 | D:2      | Found a blossoming altar of Fedhas.
  1591 | D:3      | Reached skill level 7 in Axes
  1643 | D:3      | Reached XP level 5. HP: 33/42 MP: 5/5
  1671 | D:3      | HP: 10/42 [adder (4)]
  1675 | D:3      | Noticed a sky beast
  1676 | D:3      | HP: 6/42 [poisoned by an adder]
  1680 | D:3      | Noticed Natasha
  1682 | D:3      | HP: 4/42 [poisoned by an adder]
  1687 | D:2      | HP: 3/42 [poisoned by an adder]
  1695 | D:2      | HP: 2/42 [poisoned by an adder]
  1992 | D:2      | Killed Natasha
  1994 | D:2      | HP: 5/42 [something (6)]
  1997 | D:2      | Slain by a sky beast

Vault maps used:
D:1:      onia_arrival_pentagram
D:2:      fedhas_altar_4
D:3:      uniq_crazy_yiuf_cottage, uniq_natasha

Skill      XL: |  1  2  3  4 |
---------------+-------------+-----
Axes           | 5 6 7 |  7.6
Fighting       | |  2.4
Throwing       | |  1.7
Dodging        | |  2.4

Action                   |  1- 3 |  4- 6 || total
-------------------------+-------+-------++-------
Melee: War axe           |   106 |   125 ||   231
  Use: Potion            |     1 |       ||     1
       Scroll            |       |     2 ||     2
 Stab: Sleeping          |       |     1 ||     1
  Eat: Chunk             |       |     3 ||     3
Armor: Leather armour    |    32 |    55 ||    87
Dodge: Dodged            |    79 |   125 ||   204

Table legend:
 A = Spawn XP
 B = Non-spawn XP
 C = Spawn XP percentage of total XP
 D = Spawn monster count
 E = Non-spawn monster count
 F = Spawn count percentage of total count
 G = Total turns spent on level
                    A         B        C        D         E        F      G
               +---------+---------+-------+---------+---------+-------+---------
         Total |       0 |     202 |   0.0 |       0 |      50 |   0.0 |  1997
               +---------+---------+-------+---------+---------+-------+---------
           D:1 |       0 |      31 |   0.0 |       0 |      12 |   0.0 |   679
           D:2 |       0 |     135 |   0.0 |       0 |      30 |   0.0 |  1189
           D:3 |       0 |      36 |   0.0 |       0 |       8 |   0.0 |   129
               +---------+---------+-------+---------+---------+-------+---------

Vault maps used:
D:1:      onia_arrival_pentagram
D:2:      fedhas_altar_4
D:3:      uniq_crazy_yiuf_cottage, uniq_natasha

Table legend:
 A = Turns spent in this place as a percentage of turns spent in the entire game.
 B = Non-inter-level travel turns spent in this place as a percentage of non-inter-level travel turns spent in the entire game.
 C = Inter-level travel turns spent in this place as a percentage of turns spent in this place.
 D = Turns resting spent in this place as a percentage of non-inter-level travel turns spent in this place.
 E = Turns spent auto-exploring this place as a percentage of non-inter-level travel turns spent in this place.
 F = Non-inter-level travel turns spent in this place divided by the number of levels of this place that you've seen.
                   A       B       C       D       E      F
               +-------+-------+-------+-------+-------+----------------------
         Total | 100.0 | 100.0 |   3.2 |   6.5 |  72.5 | 644.3
       Dungeon | 100.0 | 100.0 |   3.2 |   6.5 |  72.5 | 644.3
               +-------+-------+-------+-------+-------+----------------------

Table legend:
 A = Kills in this place as a percentage of kills in entire the game.
 B = Kills by you in this place as a percentage of kills by you in the entire game.
 C = Kills by friends in this place as a percentage of kills by friends in the entire game.
 D = Other kills in this place as a percentage of other kills in the entire game.
 E = Experience gained in this place as a percentage of experience gained in the entire game.
 F = Experience gained in this place divided by the number of levels of this place that you have seen.
                   A       B       C       D       E      F
               +-------+-------+-------+-------+-------+----------------------
         Total | 100.0 | 100.0 |   N/A |   N/A | 100.0 |  67.3
       Dungeon | 100.0 | 100.0 |   N/A |   N/A | 100.0 |  67.3
               +-------+-------+-------+-------+-------+----------------------
